Selects Luftwaffe Battlegroup
Selects Luftwaffe Pioneer Support
Fallschirmpioneer Squad Paradrop
Construct Infanterie Kompanie
Fallschirmpioneer Squad Paradrop
Fallschirmpioneer Squad Paradrop
Fallschirmpioneer Squad Paradrop
Construct Panzergrenadier Kompanie
Fallschirmpioneer Squad Paradrop
Selects Luftwaffe Combat Group
Fallschirmpioneer Squad Paradrop
Fallschirmpioneer Squad Paradrop
Fallschirmpioneer Squad Paradrop
Selects Infantry Reserves
Fallschirmpioneer Squad Paradrop
Selects Stuka Strafing Run
Selects Fallschirmjäger Squad Paradrop
Fallschirmpioneer Squad Paradrop
Selects Fragmentation Bombs